 Dungeon Sprint DCSS version 0.20.1-1-g8b1a95d (webtiles) character file.

3362 potatolord6000 the Cleaver (level 10, -1/101 HPs)
             Began as a Hill Orc Fighter on Aug 28, 2017.
             Was a Priest of Beogh.
             Succumbed to an orange demon's poison
             ... in the Dungeon (Sprint III: "The Ten Rune Challenge").
             The game lasted 00:05:25 (1746 turns).

potatolord6000 the Cleaver (Hill Orc Fighter)       Turns: 1746, Time: 00:05:26

Health: -1/101     AC: 10    Str: 23    XL:     10   Next: 3%
Magic:  10/10      EV:  9    Int:  8    God:    Beogh [***...]
Gold:   50         SH: 12    Dex: 10    Spells: 9/9 levels left

rFire    . . .     SeeInvis .   a - +0 war axe
rCold    . . .     Gourm    .   c - +0 shield
rNeg     . . .     Faith    .   b - +0 scale mail
rPois    .         Spirit   .   (no helmet)
rElec    .         Reflect  .   g - +0 cloak
rCorr    .         Harm     .   (no gloves)
MR       .....     NoTele   +   (no boots)
Stlth    ..........             (no amulet)
Regen    0.3/turn               (no ring)
MPRegen  0.2/turn               (no ring)

@: lethally poisoned (-1 -> -33), heavily drained
A: no striking features
a: Smiting, Renounce Religion


You were in the Dungeon.
You worshipped Beogh.
Beogh was most pleased with you.
You were not hungry.

You visited 1 branch You collected 50 gold pieces.

Inventory:

Hand Weapons
 a - a +0 war axe (weapon)
Armour
 b - a +0 scale mail (worn)
 c - a +0 shield (worn)
 g - a +0 cloak (worn)
Scrolls
 k - a scroll of blinking
 m - a scroll of torment {unknown}
 n - 2 scrolls of identify {unknown}
 o - 2 scrolls of remove curse {unknown}
 q - a scroll of immolation {unknown}
Potions
 i - 2 potions of magic
 p - 4 potions of flight
Comestibles
 f - 2 bread rations


   Skills:
 + Level 13.6(11.6) Fighting
 + Level 14.4(12.4) Axes
 + Level 12.5(10.6) Armour
 + Level 12.6(10.7) Shields


You had 9 spell levels left.
You didn't know any spells.

Dungeon Overview and Level Annotations

Branches:
Dungeon (1/1)

Altars:
Dithmenos
Elyvilon
Kikubaaqudgha
Okawaru
Ru
Sif Muna
Trog
Uskayaw
Vehumet
Yredelemnul
Zin
The Shining One
Beogh

Shops:
D [


Message History

You feel very sick.
The orc sorcerer hits you but does no damage.
The orange demon completely misses you.
Your orc priest hits the smoke demon with a hand axe.
Your orc priest closely misses the orc.
Your orc priest hits something but does no damage.
You barely miss the orc sorcerer.
The orc sorcerer is moderately wounded.
* * * LOW HITPOINT WARNING * * *
You feel very sick. Something hits your orc priest!
The orc sorcerer hits you with a dagger.
* * * LOW HITPOINT WARNING * * *
You block the orange demon's attack.
Your orc priest invokes the aid of Beogh against the orc warrior.
The orc warrior is smitten.
An orc warrior comes into view. It is wielding a short sword of speed.
You hit the orc sorcerer.
The orc sorcerer is heavily wounded.
You die...

♣.############$$$
♣♣.#___#___#__#$o###
♣..#.).#)_.#._#oo..
♣♣..###+#'###)##3o.
..♣.#..........#43
..♣.'.⌠........#o#
≈♣..#...######'#4#
....#.⌠.#
#...#)################
....#...#
#...#@o§§§+§#.+(..+.#.
....#)###
#...#.#≈§§#.#.#.).##.#
....#):.#
#...+.#§§§#.#.#.).#.#.
....#___#
+...#.#.§§#...#)..##.#
▓▓▓▓▓▓▓▓▓
▓▓▓▓▓▓▓▓▓▓▓▓▓▓▓▓▓▓#.#.
##.# +.#. ##.# #+


You could see an orc knight, an orange demon, an ice devil, a smoke demon, a
neqoxec, 2 orc sorcerers, an orc warrior, an orc and a friendly orc priest.

Vanquished Creatures
  Josephine (D)
  A centaur warrior (D)
  An unseen horror (D)
  A deep elf mage (D)
  A shadow (D)
  An orc warrior (D)
  A necrophage (D)
  2 centaurs (D)
  An earth elemental (D)
  A water elemental (D)
  A jelly (D)
  A wizard (D)
  Crazy Yiuf (D)
  Jessica (D)
  A necromancer (D)
  3 humans (D)
  A kobold demonologist (D)
  An ooze (D)
  2 rats (D)
23 creatures vanquished.

Vanquished Creatures (collateral kills)
  An orc (D)
1 creature vanquished.

Vanquished Creatures (others)
  2 draconian scorchers (D)
  6 hellions (D)
  2 yaktaurs (D)
  An orc priest (D)
  An orc wizard (D)
  3 orcs (D)
  3 plants (D)
18 creatures vanquished.

Grand Total: 42 creatures vanquished

Notes
Turn   | Place    | Note
-------+----------+-------------------------------------------
     0 | D        | potatolord6000 the Hill Orc Fighter began the quest for the Orb.
     0 | D        | Reached XP level 1. HP: 19/19 MP: 1/1
     7 | D        | Reached skill level 3 in Axes
    64 | D        | Killed a yaktaur
    98 | D        | Killed a hellion
    99 | D        | Killed a hellion
   109 | D        | Killed a hellion
   109 | D        | Killed a hellion
   138 | D        | Noticed Jessica
   144 | D        | Killed Jessica
   144 | D        | Reached skill level 5 in Fighting
   144 | D        | Reached skill level 4 in Axes
   144 | D        | Reached XP level 2. HP: 4/29 MP: 2/2
   144 | D        | Reached XP level 3. HP: 6/36 MP: 3/3
   146 | D        | Killed a hellion
   148 | D        | Killed a hellion
   240 | D        | Killed a white draconian scorcher
   254 | D        | Killed a white draconian scorcher
   370 | D        | Killed a yaktaur
   444 | D        | Reached skill level 5 in Axes
   444 | D        | Reached skill level 5 in Shields
   455 | D        | Noticed Crazy Yiuf
   466 | D        | Killed Crazy Yiuf
   466 | D        | Reached skill level 6 in Axes
   466 | D        | Reached skill level 5 in Armour
   466 | D        | Reached XP level 4. HP: 31/44 MP: 4/4
   559 | D        | Noticed a water elemental
   563 | D        | Killed a water elemental
   563 | D        | Reached skill level 7 in Axes
   563 | D        | Reached XP level 5. HP: 52/52 MP: 5/5
   570 | D        | Found a glowing silver altar of Zin.
   570 | D        | Found a glowing golden altar of the Shining One.
   570 | D        | Found a white marble altar of Elyvilon.
   571 | D        | Noticed a deep elf mage
   595 | D        | Killed a deep elf mage
   595 | D        | Reached skill level 10 in Axes
   595 | D        | Reached XP level 6. HP: 26/66 MP: 6/6
   595 | D        | Reached XP level 7. HP: 28/71 MP: 7/7
   604 | D        | Found a radiant altar of Vehumet.
   604 | D        | Found a deep blue altar of Sif Muna.
   604 | D        | Found an ancient bone altar of Kikubaaqudgha.
   611 | D        | Reached skill level 10 in Fighting
   624 | D        | Found a roughly hewn altar of Beogh.
   624 | D        | Found an iron altar of Okawaru.
   624 | D        | Found a bloodstained altar of Trog.
   624 | D        | Found a hide-covered altar of Uskayaw.
   624 | D        | Noticed a human
   626 | D        | Noticed a human
   639 | D        | Killed a human
   639 | D        | Reached skill level 11 in Axes
   640 | D        | Killed a human
   640 | D        | Reached XP level 8. HP: 42/81 MP: 8/8
   857 | D        | Became a worshipper of Beogh the Brigand
   867 | D        | Found a basalt altar of Yredelemnul.
   867 | D        | Found a shadowy altar of Dithmenos.
   867 | D        | Found a sacrificial altar of Ru.
   870 | D        | Reached skill level 10 in Shields
   878 | D        | Reached skill level 10 in Armour
   887 | D        | Noticed a shadow
   891 | D        | Reached * piety under Beogh
   894 | D        | Killed a shadow
  1178 | D        | Noticed Josephine
  1204 | D        | Killed Josephine
  1204 | D        | Reached skill level 13 in Axes
  1204 | D        | Reached XP level 9. HP: 25/91 MP: 9/9
  1494 | D        | Reached ** piety under Beogh
  1552 | D        | Noticed a centaur warrior
  1563 | D        | Killed a centaur warrior
  1563 | D        | Reached skill level 14 in Axes
  1610 | D        | Killed an unseen horror
  1610 | D        | Reached *** piety under Beogh
  1610 | D        | Reached XP level 10. HP: 86/101 MP: 10/10
  1724 | D        | Found Joeskob's Armour Boutique.
  1726 | D        | Noticed an orc sorcerer
  1726 | D        | Noticed an orc sorcerer
  1731 | D        | Noticed an orc sorcerer
  1734 | D        | Noticed an orange demon
  1740 | D        | Noticed a smoke demon
  1740 | D        | Noticed an orc knight
  1745 | D        | HP: 5/101 [poisoned by an orange demon]
  1745 | D        | HP: 1/101 [orc sorcerer/dagger (4)]
  1746 | D        | Succumbed to an orange demon's poison

Skill      XL: |  1  2  3  4  5  6  7  8  9 |
---------------+----------------------------+-----
Fighting       | 5 6 7 9 10 12 13 | 13.6
Axes           | 4 6 7 10 11 13 14 | 14.4
Armour         | 4 5 6 8 9 11 12 | 12.5
Shields        | 4 5 6 9 11 12 | 12.6

Action                   |  1- 3 |  4- 6 |  7- 9 | 10-12 || total
-------------------------+-------+-------+-------+-------++-------
Melee: War axe           |    31 |    17 |    93 |    15 ||   156
  Use: Potion            |     1 |     2 |     3 |       ||     6
  Eat: Fruit             |     1 |       |     4 |       ||     5
       Royal jelly       |       |       |     1 |       ||     1
Armor: Scale mail        |    15 |       |    20 |     4 ||    39
Dodge: Dodged            |     8 |     2 |     8 |     2 ||    20
Block: Shield            |    14 |     4 |    40 |     5 ||    63
